 Dungeon Crawl Stone Soup version 0.28-a0-381-g937acc2988 (webtiles) character file.

Game seed: 14446319669803749221

434 lunkers the Ruffian (level 6, -6/57 HPs)
             Began as a Minotaur Cinder Acolyte on Sept 1, 2021.
             Was a High Priest of Ignis.
             Mangled by a two-headed ogre (12 damage)
             ... on level 4 of the Dungeon.
             The game lasted 00:06:35 (4736 turns).

lunkers the Ruffian (Minotaur Cinder Acolyte)       Turns: 4736, Time: 00:06:35

Health: -6/57      AC: 12    Str: 19    XL:     6   Next: 67%
Magic:  6/6        EV:  7    Int: 10    God:    Ignis [*****.]
Gold:   173        SH:  0    Dex:  8    Spells: 6/7 levels left

rFire   + + .      SeeInvis .     - Unarmed
rCold   . . .      Faith    .   (no shield)
rNeg    . . .      Spirit   .   f - +1 chain mail {rF+}
rPois   .          Reflect  .   (helmet restricted)
rElec   .          Harm     .   a - +0 cloak
rCorr   .          Rampage  .   k - +1 pair of gloves
Will    .....                   (no boots)
Stlth   ..........              (no amulet)
HPRegen 0.19/turn               (no ring)
MPRegen 0.10/turn               (no ring)

@: no status effects
A: horns 2, retaliatory headbutt
a: Renounce Religion, Sea of Fire, Foxfire Swarm, Rising Flame


You were on level 4 of the Dungeon.
You worshipped Ignis.
Ignis was extremely pleased with you.
You visited 1 branch of the dungeon, and saw 4 of its levels.
You also visited: Sewer.

You collected 173 gold pieces.

Inventory:

Missiles
 l - 47 poisoned darts
Armour
 a - a +0 cloak (worn)
 f - a +1 chain mail of fire resistance (worn)
 k - a +1 pair of gloves (worn)
Scrolls
 b - 2 scrolls of amnesia {unknown}
 c - a scroll of magic mapping {unknown}
 h - a scroll of noise {unknown}
 i - a scroll of fear {unknown}
 j - a scroll of enchant armour {unknown}
 m - 3 scrolls of identify
 n - 2 scrolls of enchant weapon {unknown}
Potions
 d - 4 potions of curing
 e - a potion of resistance
 g - 4 potions of flight


   Skills:
 + Level 6.0 Fighting
 * Level 7.1 Unarmed Combat
 - Level 1.0 Spellcasting
 - Level 0.6 Fire Magic


You had 6 spell levels left.
You knew the following spells:

 Your Spells              Type           Power      Damage    Failure   Level
p - Foxfire               Conj/Fire      4%         2x1d4     99%         1

Your spell library contained the following spells:

 Spells                   Type           Power      Damage    Failure   Level


Dungeon Overview and Level Annotations

Branches:
Dungeon (4/15)              Sewer (visited)
 Temple: D:4-7

Altars:
Makhleb
Sif Muna

Annotations:
D:4 1 runed translucent door, Crazy Yiuf


Innate Abilities, Weirdness & Mutations

You have a pair of horns on your head.
You reflexively headbutt those who attack you in melee.


Message History

You hit the two-headed ogre.
The two-headed ogre is lightly wounded.
The two-headed ogre hits you with a +0 giant spiked club!!
The two-headed ogre hits you with a +0 giant spiked club!
* * * LOW HITPOINT WARNING * * *
You closely miss the two-headed ogre.
The two-headed ogre is lightly wounded.
The two-headed ogre barely misses you.
The two-headed ogre hits you with a +0 giant spiked club.
* * * LOW HITPOINT WARNING * * *
You aren't carrying any items that you can evoke.
Unknown command.
The two-headed ogre barely misses you.
The two-headed ogre hits you but does no damage.
You punch the two-headed ogre! You headbutt the two-headed ogre!
The two-headed ogre is moderately wounded.
You hit the two-headed ogre but do no damage.
You headbutt the two-headed ogre.
The two-headed ogre is heavily wounded.
The two-headed ogre hits you with a +0 giant spiked club.
The two-headed ogre barely misses you.
You completely miss the two-headed ogre.
The two-headed ogre is heavily wounded.
The two-headed ogre hits you with a +0 giant spiked club!!
* * * LOW HITPOINT WARNING * * *
The two-headed ogre hits you with a +0 giant spiked club!
* * * LOW HITPOINT WARNING * * *
You hit the two-headed ogre.
Your headbutt misses the two-headed ogre.
The two-headed ogre is heavily wounded.
You punch the two-headed ogre!
Your headbutt misses the two-headed ogre.
The two-headed ogre is severely wounded.
The two-headed ogre hits you with a +0 giant spiked club!
* * * LOW HITPOINT WARNING * * *
The two-headed ogre hits you but does no damage.
You hit the two-headed ogre.
The two-headed ogre is severely wounded.
The two-headed ogre hits you with a +0 giant spiked club!
You die...

#...≈....§§..(..≈§.######.......
##..≈.≈≈≈§§§≈≈≈.≈........÷......
#..§.≈_§§≈...≈.§..##...........
#..§.§§§§≈§≈.≈.≈.....####......
#.§≈§≈§..≈.§_§.≈..##.## #......
#.§§§§§≈§≈.§≈≈.≈.###..###......
##.≈.....§.....≈.# ##....######
#.≈≈≈≈§.≈≈≈§≈≈≈.# ####..#
#...........O@..# ##.# ###
##.....##.####### #.# #..
########.# #.###.. ..# #...#..
..## ######.... ..# ...........
.#. #########.. .... #.. .###
#..


You could see a two-headed ogre.

Vanquished Creatures
  Edmund (D:4)
  A kobold brigand (Sewer)
  Jessica (D:3)
  An iguana (D:4)
  Natasha (D:2)
  Robin (D:3)
  An adder (D:4)
  4 river rats (Sewer)
  A worm (D:4)
  5 dart slugs
  4 orcs (D:4)
  8 bats
  6 endoplasms
  2 giant cockroaches
  12 hobgoblins
  9 jackals
  5 ball pythons
  5 frilled lizards
  10 goblins
  9 kobolds
  10 rats
97 creatures vanquished.

Vanquished Creatures (others)
  9 foxfires (D:1)
9 creatures vanquished.

Grand Total: 106 creatures vanquished

Notes
Turn   | Place    | Note
-------+----------+-------------------------------------------
     0 | D:1      | lunkers the Minotaur Cinder Acolyte began the quest for the
                  | Orb.
     0 | D:1      | Reached XP level 1. HP: 19/19 MP: 1/1
   501 | D:1      | Reached XP level 2. HP: 27/27 MP: 0/2
  1000 | D:1      | Reached skill level 4 in Unarmed Combat
  1724 | D:2      | Reached XP level 3. HP: 33/33 MP: 3/3
  1881 | D:2      | Noticed Natasha
  1891 | D:2      | Killed Natasha
  2554 | D:3      | Noticed Jessica
  2557 | D:3      | Reached XP level 4. HP: 41/41 MP: 4/4
  2566 | D:3      | Killed Jessica
  2567 | D:3      | Reached skill level 5 in Unarmed Combat
  2888 | D:3      | Noticed Robin
  2929 | D:3      | Killed Robin
  3130 | D:3      | Reached XP level 5. HP: 40/47 MP: 5/5
  3553 | D:4      | Noticed Edmund
  3563 | D:4      | Killed Edmund
  3564 | D:4      | Reached skill level 5 in Fighting
  3564 | D:4      | Reached skill level 6 in Unarmed Combat
  3742 | D:4      | Found a burning altar of Makhleb.
  3743 | D:4      | Found a shimmering blue altar of Sif Muna.
  3773 | D:4      | Reached XP level 6. HP: 56/56 MP: 6/6
  3900 | D:4      | Found a glowing drain.
  3955 | Sewer    | Entered a sewer
  4135 | Sewer    | Reached skill level 7 in Unarmed Combat
  4280 | Sewer    | Found a glowing silver altar of Zin.
  4432 | D:4      | Found a runed translucent door.
  4433 | D:4      | Noticed Crazy Yiuf
  4514 | D:4      | Noticed a two-headed ogre
  4736 | D:4      | Mangled by a two-headed ogre

Illustrated notes

Levels and vault maps discovered:
D:1:      eino_arrival_cavern_a, layout_basic
D:2:      layout_basic, uniq_natasha
D:3:      layout_rooms, minivault_4, st_stairs_3, grunt_decor_arrowhead,
          uniq_jessica, uniq_robin
D:4:      layout_rooms, mainiacjoe_overflow_catwalk_spiral,
          cheibrodos_sewer_entry_drain, grunt_tough_drop,
          uniq_crazy_yiuf_cottage, uniq_edmund

Skill      XL: |  1  2  3  4  5  6 |
---------------+-------------------+-----
Fighting       | 4 5 6 |  6.0
Unarmed Combat | 4 5 6 7 |  7.1
Spellcasting   | |  1.0
Fire Magic     | |  0.6

Action                   |  1- 3 |  4- 6 || total
-------------------------+-------+-------++-------
Melee: Unarmed           |    77 |   190 ||   267
       Headbutt          |     6 |    23 ||    29
       Punch             |       |     5 ||     5
 Cast: Foxfire           |    10 |       ||    10
  Use: Scroll            |       |     3 ||     3
       Potion            |       |     1 ||     1
Armor: Robe              |     6 |       ||     6
       Chain mail        |    23 |    88 ||   111
       Skin              |       |     2 ||     2
Dodge: Dodged            |    20 |    72 ||    92

Table legend: (Time is in decaauts)
 A = Elapsed time spent in this place.
 B = Non-inter-level travel time spent in this place.
 C = Inter-level travel time spent in this place.
 D = Time resting spent in this place.
 E = Time spent auto-exploring this place.
 F = Levels seen in this place.
 G = Mean time per level.
                   A        B        C        D        E       F      G
               +--------+--------+--------+--------+--------+-----+--------+
         Total |   4749 |   4602 |    147 |     99 |   3667 |   5 |  949.8 |
       Dungeon |   4365 |   4218 |    147 |     99 |   3358 |   4 | 1091.2 |
         Sewer |    384 |    384 |      0 |      0 |    309 |   1 |  384.0 |
               +--------+--------+--------+--------+--------+-----+--------+

Top non-repeatable levels by time:
     D:1: 1586 daAuts
     D:3: 991 daAuts
     D:2: 969 daAuts
     D:4: 817 daAuts
   Sewer: 384 daAuts
